 Dungeon Crawl Stone Soup version 0.30.0-5-g1a98f26d00 (webtiles) character file.

Game seed: 2861017946360164444

211 qeuew the Covered (level 5, 0/33 HPs)
             Began as a Gargoyle Fighter on May 12, 2023.
             Slain by a quokka (3 damage)
             ... on level 2 of the Dungeon.
             The game lasted 00:01:10 (1078 turns).

qeuew the Covered (Gargoyle Fighter)                Turns: 1078, Time: 00:01:10

Health: 0/33       AC: 11    Str: 19    XL:     5   Next: 88%
Magic:  7/7        EV:  9    Int:  9    God:
Gold:   69         SH:  4    Dex: 11    Spells: 6/6 levels left

rFire   . . .        a - +1 flail (venom)
rCold   . . .        c - +0 buckler
rNeg    + . .        b - +0 scale mail
rPois   ∞            (no helmet)
rElec   +            (no cloak)
rCorr   .            (no gloves)
SInv    .            (no boots)
Will    .....        (no amulet) Stlth
                     (no ring)
HPRegen 0.25/turn    (no ring)
MPRegen 0.10/turn

%: no passive effects
@: no status effects
A: sickness immunity, AC +4, negative energy resistance 1, electricity
resistance, torment resistance 1, petrification resistance
a: no special abilities


You were on level 2 of the Dungeon.
You visited 1 branch of the dungeon, and saw 2 of its levels.

You collected 69 gold pieces.

Inventory:

Hand Weapons
 a - a +1 flail of venom (weapon)
Armour
 b - a +0 scale mail (worn)
 c - a +0 buckler (worn)
Potions
 d - 2 potions of might


   Skills:
 + Level 4.0 Fighting
 * Level 3.5 Maces & Flails
 * Level 4.7 Armour
 + Level 3.9 Shields
 + Level 1.4 Spellcasting


You had 6 spell levels left.
You didn't know any spells.
Your spell library was empty.

Dungeon Overview and Level Annotations

Branches:
Dungeon (2/15)

Altars:


Innate Abilities, Weirdness & Mutations

You are immune to sickness and miasma.
Your stone body is resilient. (AC +4)
You are immune to poison.
You resist negative energy. (rN+)
You are resistant to electric shocks. (rElec)
You are resistant to unholy torment.
You are immune to petrification.


Message History

You completely miss the adder. You block the adder's attack.
The endoplasm freezes you.
You are frozen.
* * * LOW HITPOINT WARNING * * *
The hobgoblin hits you but does no damage.
The adder bites you but does no damage.
Unknown command.
You sock the adder!
The adder looks as sick as possible!
The adder is severely wounded.
The hobgoblin hits you but does no damage.
The endoplasm hits you but does no damage.
The adder bites you but does no damage. The endoplasm closely misses you.
The hobgoblin hits you but does no damage.
Unknown command.
You sock the adder!
You kill the adder!
The endoplasm barely misses you. The hobgoblin hits you.
* * * LOW HITPOINT WARNING * * *
Your Fighting skill increases to level 4!
Unknown command.
You sock the endoplasm!
You kill the endoplasm!
The quokka bites you but does no damage.
The hobgoblin hits you but does no damage.
The quokka bites you.
* * * LOW HITPOINT WARNING * * *
Unknown command.
You barely miss the hobgoblin. You block the quokka's attack.
The hobgoblin hits you but does no damage.
Unknown command.
Okay, then.
You closely miss the quokka.
The quokka bites you but does no damage.
The hobgoblin hits you but does no damage.
The quokka closely misses you.
The hobgoblin hits you but does no damage.
You hit the quokka.
The quokka is poisoned.
The quokka is lightly wounded.
The quokka bites you.
You die...

#....##
#.....###
#.......#
#....##...
#....# #.
#....#
#....#
#?...#
#@...#
......gr...#
...........#
...........#
.......$####
........#
.......^#
........#


You could see a quokka (poisoned) and a hobgoblin.

Vanquished Creatures
  Sigmund (D:2)
  Terence (D:2)
  An adder (D:2)
  3 ball pythons
  2 endoplasms (D:2)
  3 giant cockroaches (D:1)
  6 goblins
  A hobgoblin (D:2)
  2 kobolds (D:1)
  5 bats (D:1)
  2 rats (D:1)
27 creatures vanquished.

Notes
Turn   | Place    | Note
-------+----------+-------------------------------------------
     0 | D:1      | qeuew the Gargoyle Fighter began the quest for the Orb.
     0 | D:1      | Reached XP level 1. HP: 14/14 MP: 1/1
   107 | D:1      | Reached XP level 2. HP: 8/19 MP: 2/2
   994 | D:2      | Noticed Sigmund
  1000 | D:2      | Killed Sigmund
  1001 | D:2      | Reached skill level 1 in Spellcasting
  1001 | D:2      | Reached XP level 3. HP: 15/24 MP: 2/5
  1001 | D:2      | Reached XP level 4. HP: 18/29 MP: 2/6
  1001 | D:2      | Reached XP level 5. HP: 20/33 MP: 2/7
  1058 | D:2      | Noticed Terence
  1068 | D:2      | Killed Terence
  1078 | D:2      | Slain by a quokka

Illustrated notes

Levels and vault maps discovered:
D:1:      giann_horns, layout_loops_corners
D:2:      layout_basic, serial_shops, nicolae_shop_crystal, basic_altar,
          uniq_sigmund, uniq_terence

Skill      XL: |  1  2  3  4  5 |
---------------+----------------+-----
Maces & Flails | 3 |  3.5
Armour         | 4 |  4.7
Spellcasting   | 1 |  1.4
Fighting       | 4 |  4.0
Shields        | |  3.9

Action                     |  1- 3 |  4- 6 || total
---------------------------+-------+-------++-------
  Melee: Flail             |    57 |    23 ||    80
    Use: Potion            |     5 |       ||     5
         Scroll            |     3 |       ||     3
 Armour: Scale mail        |    32 |    22 ||    54
  Dodge: Dodged            |    36 |    23 ||    59
  Block: Buckler           |    15 |     5 ||    20
